 Dungeon Crawl Stone Soup version 0.29-a0-360-g8ed1089bbe (webtiles) character file.

Game seed: 2044213344485079440

310 Hubjo the Firebug (level 6, -9/36 HPs)
             Began as a Deep Elf Fire Elementalist on Apr 28, 2022.
             Was a Believer of Qazlal.
             Mangled by Duvessa
             ... wielding a +0 short sword
              (11 damage)
             ... on level 4 of the Dungeon.
             The game lasted 00:06:06 (5199 turns).

Hubjo the Firebug (Deep Elf Fire Elementalist)      Turns: 5199, Time: 00:06:07

Health: -9/36      AC:  3    Str:  5    XL:     6   Next: 18%
Magic:  9/15       EV: 13    Int: 26    God:    Qazlal [**....]
Gold:   173        SH:  3    Dex: 17    Spells: 9/14 levels left

rFire   . . .      SeeInvis .   e - +6 dagger of Internal Strife {freeze, *Corrode rC+ Int+6}
rCold   + . .      Faith    .   (no shield)
rNeg    . . .      Spirit   .   a - +1 robe
rPois   .          Reflect  .   (no helmet)
rElec   .          Harm     .   (no cloak)
rCorr   .          Rampage  .   (no gloves)
Will    .....                   (no boots)
Stlth   ++........              (no amulet)
HPRegen 0.12/turn               (no ring)
MPRegen 0.14/turn               (no ring)

@: no status effects
A: no striking features
a: Renounce Religion, Upheaval


You were on level 4 of the Dungeon.
You worshipped Qazlal.
Qazlal was pleased with you.
You visited 1 branch of the dungeon, and saw 4 of its levels.

You collected 173 gold pieces.

Inventory:

Hand Weapons
 e - the +6 dagger of Internal Strife (weapon) {freeze, *Corrode rC+ Int+6}
   (You took it off an orc wizard on level 3 of the Dungeon)

   It freezes those it strikes, dealing additional cold damage.
   It can also slow down cold-blooded creatures.
   Int:       It affects your intelligence (+6).
   rC:        It protects you from cold.
   *Corrode:  It may corrode you when you take damage.
 g - a +1 dagger
Armour
 a - a +1 robe (worn)
Wands
 m - a wand of charming (12)
Scrolls
 d - a scroll of enchant armour
 f - 3 scrolls of amnesia
 i - a scroll of identify
 l - a scroll of teleportation
Potions
 b - a potion of magic
 c - 2 potions of curing
 h - a potion of lignification {unknown}
 j - 2 potions of brilliance {unknown}
 k - a potion of might {unknown}


   Skills:
 + Level 2.7 Fighting
 - Level 2.4 Dodging
 + Level 4.3 Stealth
 + Level 4.7 Spellcasting
 - Level 1.1 Conjurations
 * Level 4.8 Fire Magic


You had 9 spell levels left.
You knew the following spells:

 Your Spells              Type           Power      Damage    Failure   Level
a - Foxfire               Conj/Fire      84%        2x1d8     2%          1
b - Flame Wave            Conj/Fire      21%        2d7       24%         4

Your spell library contained the following spells:

 Spells                   Type           Power      Damage    Failure   Level
 Scorch                   Fire           62%        2d8       1%          2
 Magic Dart               Conj           44%        1d5       4%          1
 Conjure Flame            Conj/Fire      21%        6-21      7%          3
 Searing Ray              Conj           22%        2d5       8%          2
 Inner Flame              Hex/Fire       18%        N/A       9%          3
 Sublimation of Blood     Necr           6%         N/A       12%         2
 Confusing Touch          Hex            6%         N/A       24%         3
 Fulminant Prism          Conj/Hex       4%         3d6       54%         4
 Petrify                  Tmut/Erth      6%         N/A       61%         4
 Irradiate                Conj/Tmut      4%         3d14      87%         5
 Yara's Violent Unravell  Hex/Tmut       3%         3d4       91%         5
 Enfeeble                 Hex            3%         N/A       100%        7


Dungeon Overview and Level Annotations

Branches:
Dungeon (4/15)
 Temple: D:4-7

Altars:
Qazlal

Shops:
D:2 (

Annotations:
D:4 3 runed translucent doors, Duvessa


Message History

There are monsters nearby!
You hit Dowan. You freeze Dowan.
Dowan is moderately wounded.
Dowan hits you with a +0 dagger.
You conjure some foxfire!
Dowan is struck by lightning.
You kill Dowan!
Qazlal accepts your kill.
Duvessa screams, "No!
How DARE you!"
Duvessa goes berserk!
You have reached level 6!
You conjure some foxfire!
Duvessa rages.
The foxfire hits Duvessa.
Duvessa is lightly wounded.
You hear a shout!
You conjure some foxfire!
The foxfire hits Duvessa.
Duvessa is lightly wounded.
A hobgoblin comes into view.
You conjure some foxfire!
The foxfire hits Duvessa.
Duvessa is lightly wounded.
The foxfire hits Duvessa but does no damage.
Duvessa is lightly wounded.
Your foxfire dissipates!
You conjure some foxfire!
Duvessa barely misses you.
There is not enough space to conjure foxfire!
You hit Duvessa but do no damage.
Duvessa is lightly wounded.
The foxfire hits Duvessa!
Duvessa is moderately wounded.
Duvessa hits you with a +0 short sword! You block Duvessa's attack.
You closely miss Duvessa.
Duvessa is moderately wounded.
Duvessa hits you with a +0 short sword!
* * * LOW HITPOINT WARNING * * *
You hit Duvessa. You freeze Duvessa.
Duvessa is moderately wounded.
Duvessa hits you with a +0 short sword.
* * * LOW HITPOINT WARNING * * *
Duvessa hits you with a +0 short sword!
You die...

######### #.......#
#.......# #.......#
#.......#
#.......############
+.......'......v@.>#
#.......##.######e...>..
.#########.# g.##### .##
#.# ..# ..# #.# ... #.##
#.# .#.# #..#######.#
.#.# ...........# .#.#
...........#


You could see Duvessa (berserk, ally target) and a hobgoblin.

Vanquished Creatures
  Dowan (D:4)
  A hound (D:3)
  3 orc priests
  2 orc wizards
  An adder (D:3)
  8 orcs
  9 ball pythons
  5 endoplasms
  5 giant cockroaches
  4 goblins
  8 hobgoblins
  4 jackals (D:3)
  8 kobolds
  4 quokkas
  7 bats
  6 frilled lizards
  6 rats
  3 foxfires
85 creatures vanquished.

Vanquished Creatures (collateral kills)
  8 foxfires (D:4)
8 creatures vanquished.

Vanquished Creatures (others)
  270 foxfires
  5 plants (D:4)
275 creatures vanquished.

Grand Total: 368 creatures vanquished

Notes
Turn   | Place    | Note
-------+----------+-------------------------------------------
     0 | D:1      | Hubjo the Deep Elf Fire Elementalist began the quest for
                  | the Orb.
     0 | D:1      | Reached XP level 1. HP: 10/10 MP: 6/6
   241 | D:1      | Reached XP level 2. HP: 16/16 MP: 0/8
   543 | D:1      | Reached skill level 1 in Fighting
  1025 | D:1      | Found a faded altar of an unknown god.
  1075 | D:1      | Prayed at the altar of an unknown god.
  1075 | D:1      | Became a worshipper of Qazlal Stormbringer
  1075 | D:1      | Reached * piety under Qazlal
  1789 | D:2      | Found Tiurphaom's Weapon Emporium.
  2109 | D:2      | Reached XP level 3. HP: 10/20 MP: 6/9
  3546 | D:3      | Reached ** piety under Qazlal
  3547 | D:3      | Reached XP level 4. HP: 14/26 MP: 1/11
  3765 | D:3      | Identified the +6 dagger of Internal Strife {freeze,
                  | *Corrode rC+ Int+6}
  4010 | D:3      | Reached XP level 5. HP: 31/31 MP: 7/13
  4671 | D:3      | Learned a level 4 spell: Flame Wave
  4969 | D:4      | Found a runed translucent gate.
  4970 | D:4      | Found a runed translucent gate.
  4971 | D:4      | Found a runed translucent gate.
  5190 | D:4      | Noticed Dowan
  5190 | D:4      | Noticed Duvessa
  5192 | D:4      | Killed Dowan
  5193 | D:4      | Reached XP level 6. HP: 31/36 MP: 12/15
  5199 | D:4      | Mangled by Duvessa

Illustrated notes

Levels and vault maps discovered:
D:1:      minmay_arrival_split_and_join, layout_loops_ring,
          ebering_ecumenical_altar_webs, corexii_hall_statues_i,
          nrook_loot_triangle, minmay_hexomino_f4
D:2:      layout_loops_ring, serial_shops, shop
D:3:      layout_loops_ring, hangedman_decor_points, hangedman_decor_lopped,
          grunt_ministairs_14, dk_noncrumbling_4
D:4:      layout_basic, temple_hall, gammafunk_ghost_necromancy,
          serial_bayou_lagoon_a, uniq_duvessa

Skill      XL: |  1  2  3  4  5 |
---------------+----------------+-----
Fighting       | 1 2 |  2.7
Stealth        | 3 4 |  4.3
Spellcasting   | 4 |  4.7
Fire Magic     | 4 |  4.8
Dodging        | |  2.4
Conjurations   | |  1.1

Action                   |  1- 3 |  4- 6 || total
-------------------------+-------+-------++-------
Melee: Unarmed           |    15 |       ||    15
       Punch             |     2 |     2 ||     4
       Dagger            |    64 |    51 ||   115
 Cast: Foxfire           |   153 |    58 ||   211
  Use: Scroll            |     6 |     2 ||     8
Armor: Robe              |    36 |    14 ||    50
Dodge: Dodged            |    83 |    50 ||   133
Block: Other             |     3 |     5 ||     8

Table legend: (Time is in decaauts)
 A = Elapsed time spent in this place.
 B = Non-inter-level travel time spent in this place.
 C = Inter-level travel time spent in this place.
 D = Time resting spent in this place.
 E = Time spent auto-exploring this place.
 F = Levels seen in this place.
 G = Mean time per level.
                   A        B        C        D        E       F      G
               +--------+--------+--------+--------+--------+-----+--------+
         Total |   5205 |   4928 |    277 |      0 |   4258 |   4 | 1301.2 |
       Dungeon |   5205 |   4928 |    277 |      0 |   4258 |   4 | 1301.2 |
               +--------+--------+--------+--------+--------+-----+--------+

Top non-repeatable levels by time:
     D:1: 1766 daAuts
     D:2: 1628 daAuts
     D:3: 1477 daAuts
     D:4: 332 daAuts
